 Dungeon Crawl Stone Soup version 0.21.1-1-g345015f (webtiles) character file.

6197 empire the Cleaver (level 10, -1/77 HPs)
             Began as a Minotaur Fighter on May 4, 2018.
             Was a Priest of Cheibriados.
             Killed by divine providence
             ... invoked by an orc priest
              (11 damage)
             ... on level 10 of the Dungeon on May 7, 2018.
             The game lasted 00:18:47 (7787 turns).

empire the Cleaver (Minotaur Fighter)               Turns: 7787, Time: 00:18:48

Health: -1/77      AC: 16    Str: 32    XL:     10   Next: 61%
Magic:  12/12      EV:  9    Int: 13    God:    Cheibriados [***...]
Gold:   258        SH: 13    Dex: 18    Spells: 9/9 levels left

rFire    + + .     SeeInvis .   a - +0 war axe
rCold    . . .     Gourm    .   W - +0 shield
rNeg     . . .     Faith    .   Z - +2 chain mail {rF+}
rPois    .         Spirit   .   (helmet restricted)
rElec    .         Reflect  .   X - +0 cloak
rCorr    .         Harm     .   (no gloves)
MR       .....                  H - +0 pair of boots
Stlth    ..........             q - amulet of regeneration
HPRegen  0.22/turn              e - ring of protection from fire
MPRegen  0.13/turn              y - +5 ring of slaying

@: very slow
A: retaliatory headbutt, horns 2
a: Bend Time, Temporal Distortion, Renounce Religion


You were on level 10 of the Dungeon.
You worshipped Cheibriados.
Cheibriados was most pleased with you.
You were hungry.

You visited 2 branches of the dungeon, and saw 11 of its levels.

You collected 513 gold pieces.
You spent 255 gold pieces at shops.

Inventory:

Hand Weapons
 a - a +0 war axe (weapon)
 x - the +4 dagger of Callousness {vamp, *Corrode +Fly Str+6 Stlth-}
   (You found it on level 4 of the Dungeon)

   It inflicts no extra harm, but heals its wielder when it wounds a living foe.
   It affects your strength (+6).
   It lets you fly.
   It may corrode you when you take damage.
   It makes you less stealthy.
Armour
 v - a +0 plate armour
 H - a +0 pair of boots (worn)
 W - a +0 shield (worn)
 X - a +0 cloak (worn)
 Z - a +2 chain mail of fire resistance (worn)
Jewellery
 c - a cursed -3 ring of dexterity
 e - a ring of protection from fire (left hand)
 p - an uncursed amulet of the gourmand
 q - an amulet of regeneration (around neck)
 s - an uncursed amulet of magic regeneration
 y - a +5 ring of slaying (right hand)
 A - an uncursed ring of flight
 C - an uncursed ring of teleportation
 E - an uncursed ring of see invisible
Wands
 w - a wand of random effects (28)
Scrolls
 h - 3 scrolls of teleportation
 i - 2 scrolls of fear
 j - 2 scrolls of magic mapping
 m - a scroll of amnesia {unknown}
 r - a scroll of immolation {unknown}
 D - a scroll of enchant armour {unknown}
 F - a scroll of torment {unknown}
 J - 2 scrolls of remove curse
 K - a scroll of fog {unknown}
 L - a scroll of summoning {unknown}
Potions
 g - a potion of mutation
 l - a potion of haste
 n - 2 potions of berserk rage
 o - a potion of degeneration {unknown}
 t - a potion of ambrosia {unknown}
 u - 4 potions of flight
 z - a potion of resistance
 G - a potion of agility
Books
 k - a book of Changes

   Spells                             Type                      Level
   a - Beastly Appendage              Transmutation                1
   b - Sticks to Snakes               Transmutation                2
   c - Spider Form                    Transmutation/Poison         3
   d - Ice Form                       Ice/Transmutation            4
   e - Blade Hands                    Transmutation                5
Comestibles
 f - 30 rations


   Skills:
 - Level 3.6 Fighting
 * Level 11.9 Axes
 + Level 9.1 Armour
 + Level 2.5 Dodging
 + Level 9.1 Shields
 + Level 5.1 Invocations
 + Level 4.6 Evocations


You had 9 spell levels left.
You didn't know any spells.

Dungeon Overview and Level Annotations

Branches:
Dungeon (10/15)            Temple (1/1) D:6
   Lair: D:8-11         Orc: D:9-12

Altars:
Ashenzari
Cheibriados
Dithmenos
Elyvilon
Fedhas
Gozag
Hepliaklqana
Kikubaaqudgha
Makhleb
Nemelex Xobeh
Okawaru
Qazlal
Ru
Sif Muna
Trog
Uskayaw
Vehumet
Wu Jian
Xom
Yredelemnul
Zin
The Shining One

Shops:
D:7 =


Innate Abilities, Weirdness & Mutations

You reflexively headbutt those who attack you in melee.
You have a pair of horns on your head.


Message History

You kill the orc!
Cheibriados appreciates the change of pace.
You feel a little less mighty now.
You slash the yak! You headbutt the yak!
The yak is heavily wounded.
The yak gores you but does no damage.
The yak bellows!
You slash the yak!
The yak is almost dead.
The orc priest calls down the wrath of Beogh upon you.
Beogh smites you!
* * * LOW HITPOINT WARNING * * *
You block the yak's attack.
You slash the yak!
You kill the yak!
Cheibriados appreciates the change of pace.
The orc priest miscasts a cantrip.
The orc priest invokes the aid of Beogh against you.
Beogh smites you!
You die...

##.## ###.>..# ##.. ##.#
###......# ##..
#.###........# ##...
##.#.........# ##....
#.#.........# ##.....
##..........# ##......
#..........# ##...(...
#......))).# ##..#.....
#.....)@..#####..##.....
#.....(†..##....###.....
#......).......## #.)...
#.............## #.<...
#............## ##....
##....YY.....# #....
###........## #####
##.Yoy..## # ##....##


You could see 3 yaks, a killer bee and an orc priest.

Vanquished Creatures
  A two-headed ogre (D:10)
  Prince Ribbit (D:8)
  A hornet (D:7)
  2 hippogriffs
  A human (D:8)
  2 hogs (D:8)
  10 yaks
  Edmund (D:5)
  2 ice beasts
  2 sky beasts
  A phantom (D:9)
  4 orc warriors
  3 centaurs
  2 ogres
  2 big kobolds
  3 scorpions
  3 killer bees (D:9)
  2 howler monkeys
  2 crimson imps
  A jelly (D:6)
  3 orc priests
  7 hounds
  8 orc wizards
  A centaur skeleton (D:2)
  A bullfrog skeleton (D:5)
  An iguana (D:10)
  3 worker ants
  A killer bee zombie (D:10)
  2 hound skeletons
  4 worker ant zombies
  14 adders
  10 gnolls
  A shadow imp (D:5)
  An adder zombie (D:5)
  4 worms
  3 dart slugs (D:2)
  4 leopard geckos
  26 orcs
  4 bats
  4 giant cockroaches
  4 goblins
  4 hobgoblins
  5 jackals
  12 kobolds
  9 quokkas
  4 frilled lizards
  4 rats
190 creatures vanquished.

Notes
Turn   | Place    | Note
-------+----------+-------------------------------------------
     0 | D:1      | empire the Minotaur Fighter began the quest for the Orb.
     0 | D:1      | Reached XP level 1. HP: 19/19 MP: 0/0
   150 | D:1      | Reached XP level 2. HP: 19/26 MP: 1/1
   191 | D:1      | Reached skill level 3 in Axes
   569 | D:2      | Reached XP level 3. HP: 30/31 MP: 2/2
   750 | D:2      | Reached skill level 4 in Axes
   750 | D:2      | Reached XP level 4. HP: 39/39 MP: 3/3
  1621 | D:3      | Reached XP level 5. HP: 45/45 MP: 4/4
  1877 | D:3      | Reached skill level 5 in Axes
  2246 | D:4      | Reached skill level 5 in Armour
  2246 | D:4      | Reached skill level 5 in Shields
  2344 | D:4      | Got a bloodstained dagger
  2354 | D:4      | Identified the +4 dagger of Callousness {vamp, *Corrode +Fly Str+6 Stlth-} (You found it on level 4 of the Dungeon)
  2403 | D:4      | Reached XP level 6. HP: 51/51 MP: 5/5
  2896 | D:5      | Entered Level 5 of the Dungeon
  2900 | D:5      | Reached skill level 6 in Axes
  2903 | D:5      | Noticed an ice beast
  2911 | D:5      | Killed an ice beast
  3108 | D:5      | Noticed Edmund
  3112 | D:5      | Killed Edmund
  3112 | D:5      | Reached XP level 7. HP: 50/57 MP: 6/6
  3168 | D:5      | Reached skill level 7 in Axes
  3424 | D:5      | Found an opulent altar of Gozag.
  3544 | D:5      | Found an opulent altar of Gozag.
  3797 | D:6      | Reached skill level 8 in Axes
  3812 | D:6      | HP: 4/85 [orc warrior/halberd (16)]
  3813 | D:6      | Reached XP level 8. HP: 5/64 MP: 7/7
  4275 | D:6      | Found a staircase to the Ecumenical Temple.
  4281 | Temple   | Entered the Ecumenical Temple
  4428 | Temple   | Became a worshipper of Cheibriados the Contemplative
  4729 | D:6      | Found a white marble altar of Elyvilon.
  4730 | D:6      | Found a blossoming altar of Fedhas.
  4732 | D:6      | Found a radiant altar of Vehumet.
  4732 | D:6      | Found an ornate altar of the Wu Jian Council.
  4734 | D:6      | Found a sacrificial altar of Ru.
  4735 | D:6      | Found a shimmering altar of Xom.
  5148 | D:7      | Reached skill level 1 in Evocations
  5160 | D:7      | Reached skill level 1 in Invocations
  5485 | D:7      | Noticed a hornet
  5491 | D:7      | Paralysed by a hornet for 3 turns
  5495 | D:7      | Killed a hornet
  5495 | D:7      | Reached skill level 9 in Axes
  5660 | D:7      | Noticed a hippogriff
  5665 | D:7      | Killed a hippogriff
  5729 | D:7      | Found Rany's Jewellery Shoppe.
  5734 | D:7      | Bought a cursed -3 ring of dexterity for 30 gold pieces
  5734 | D:7      | Bought an uncursed ring of see invisible for 225 gold pieces
  5879 | D:8      | Reached * piety under Cheibriados
  5982 | D:8      | Noticed Prince Ribbit
  6219 | D:8      | Reached XP level 9. HP: 67/70 MP: 9/9
  6235 | D:8      | Killed Prince Ribbit
  6335 | D:8      | Found a burning altar of Makhleb.
  6386 | D:8      | Reached skill level 10 in Axes
  6443 | D:8      | Reached ** piety under Cheibriados
  7165 | D:9      | Reached skill level 11 in Axes
  7169 | D:9      | Reached XP level 10. HP: 38/77 MP: 12/12
  7366 | D:9      | Reached *** piety under Cheibriados
  7534 | D:10     | Entered Level 10 of the Dungeon
  7534 | D:10     | Noticed a two-headed ogre
  7542 | D:10     | Killed a two-headed ogre
  7542 | D:10     | Reached skill level 1 in Dodging
  7745 | D:10     | Reached skill level 5 in Invocations
  7787 | D:10     | Killed from afar by an orc priest

Skill      XL: |  1  2  3  4  5  6  7  8  9 10 |
---------------+-------------------------------+-----
Axes           | 3 4 5 6 8 9 11 | 11.9
Armour         | 4 5 6 7 8 9 |  9.1
Shields        | 4 5 6 7 8 9 |  9.1
Evocations     | 2 3 4 |  4.6
Invocations    | 2 4 5 |  5.1
Dodging        | 2 |  2.5
Fighting       | |  3.6

Action                   |  1- 3 |  4- 6 |  7- 9 | 10-12 || total
-------------------------+-------+-------+-------+-------++-------
Melee: War axe           |    52 |   133 |   232 |    61 ||   478
       Headbutt          |    10 |    19 |    52 |    26 ||   107
  Use: Potion            |       |     2 |     6 |     2 ||    10
       Scroll            |       |     4 |    11 |     6 ||    21
  Eat: Chunk             |       |     4 |    11 |     1 ||    16
       Ration            |       |     1 |       |       ||     1
Armor: Scale mail        |    21 |    18 |       |       ||    39
       Chain mail        |       |    54 |   109 |    31 ||   194
       Skin              |       |       |     9 |       ||     9
Dodge: Dodged            |    21 |    42 |    58 |    23 ||   144
Block: Shield            |    23 |    83 |   163 |    59 ||   328
